 Dungeon Crawl Stone Soup version 0.29-a0-330-g52719c12eb (webtiles) character file.

Game seed: 2570308808866383510

4065 kae the Transmogrifier (level 10, -5/103 HPs)
             Began as a Purple Draconian Transmuter on Apr 19, 2022.
             Slain by an orc warrior
             ... wielding a +0 war axe
              (16 damage)
             ... in a bailey.
             The game lasted 00:05:51 (8292 turns).

kae the Transmogrifier (DrTm)                       Turns: 8292, Time: 00:05:51

Health: -5/103     AC:  8    Str: 12    XL:     10   Next: 5%
Magic:  17/21      EV: 12    Int: 16    God:
Gold:   1246       SH:  0    Dex: 14    Spells: 16/24 levels left

rFire   x . .      SeeInvis .     - Unarmed
rCold   + + +      Faith    .   (shield currently unavailable)
rNeg    . . .      Spirit   .   (body armour unavailable)
rPois   +          Reflect  .   (helmet currently unavailable)
rElec   .          Harm     .   (cloak currently unavailable)
rCorr   .          Rampage  .   (gloves currently unavailable)
Will    +....                   (boots currently unavailable)
Stlth   +.........              k - amulet of the acrobat
HPRegen 0.27/turn               i - +4 ring of slaying
MPRegen 0.17/turn               (no ring)

@: ice-form
A: freezing attack, amphibious, boosted hp, (breathe power), AC +7, large,
unfitting armour, (cold-blooded)
a: End Transformation


You were in a bailey.
You were a creature of crystalline ice.
You visited 1 branch of the dungeon, and saw 7 of its levels.
You also visited: Bailey.

You collected 1246 gold pieces.

Inventory:

Jewellery
 i - a +4 ring of slaying (left front paw)
 k - an amulet of the acrobat (around neck)
 o - a ring of poison resistance
 r - a ring of wizardry
Wands
 e - a wand of digging (3)
 q - a wand of paralysis (14)
Scrolls
 b - 4 scrolls of fog
 c - a scroll of vulnerability {unknown}
 j - 5 scrolls of teleportation
 l - a scroll of fear
Potions
 a - 4 potions of lignification
 d - 4 potions of degeneration
 f - 2 potions of heal wounds
 g - 2 potions of haste
 h - a potion of berserk rage
 m - 5 potions of curing {unknown}
 n - a potion of might {unknown}


   Skills:
 + Level 7.0 Fighting
 + Level 6.0 Dodging
 + Level 7.2 Unarmed Combat
 + Level 7.5 Spellcasting
 * Level 9.4 Transmutations
 - Level 5.1 Ice Magic
 - Level 2.0 Poison Magic


You had 16 spell levels left.
You knew the following spells:

 Your Spells              Type           Power      Damage    Failure   Level
a - Beastly Appendage     Tmut           72%        N/A       1%          1
b - Spider Form           Tmut/Pois      24%        N/A       3%          3
c - Ice Form              Ice/Tmut       29%        N/A       6%          4

Your spell library contained the following spells:

 Spells                   Type           Power      Damage    Failure   Level
 Wereblood                Tmut           36%        N/A       1%          2
 Ozocubu's Armour         Ice            22%        N/A       4%          3
 Ignite Poison            Fire/Tmut/Pois 18%        N/A       8%          3
 Mephitic Cloud           Conj/Pois/Air  8%         N/A       26%         3
 Freezing Cloud           Conj/Ice/Air   5%         6-21      85%         5
 Ozocubu's Refrigeration  Ice            11%        4d7       100%        7


Dungeon Overview and Level Annotations

Branches:
Dungeon (7/15)             Temple (0/1) D:5          Bailey (1/1)

Altars:
Elyvilon
Fedhas
Gozag
Wu Jian
Yredelemnul
Zin

Shops:
D:7 *

Annotations:
D:5 3 runed translucent doors, surr's ghost, weakling HODe


Innate Abilities, Weirdness & Mutations

You are a creature of crystalline ice.
You have a powerful freezing melee attack.
You are amphibious.
Your maximum health is increased.
Your armour is entirely melded.
You are incapable of wielding weapons or throwing items.
((You can breathe bolts of dispelling energy.))
((Your rich purple scales are hard. (AC +7)))
You cannot fit into any form of body armour.
((You are cold-blooded and may be slowed by cold attacks.))


Message History

The orc warrior completely misses you. The kobold brigand barely misses you.
Casting: Ice Form (dangerous; 6% risk of failure)
Confirm with . or Enter, or press ? or * to list all spells.
You extend your transformation's duration.
The orc warrior misses you. The kobold brigand misses you.
The orc warrior misses you. The kobold brigand misses you.
You hit the orc warrior but do no damage.
The orc warrior is severely wounded.
The orc warrior hits you but does no damage.
The kobold brigand closely misses you.
You closely miss the orc warrior.
The orc warrior is severely wounded.
The orc warrior hits you with a +0 war axe!
The kobold brigand closely misses you.
You are too injured to fight recklessly!
You are too injured to fight recklessly!
You are too injured to fight recklessly!
You are too injured to fight recklessly!
You hit the orc warrior but do no damage.
The orc warrior is severely wounded.
The orc warrior hits you with a +0 war axe!
The kobold brigand closely misses you. The kobold brigand misses you.
You punch the kobold brigand! You freeze the kobold brigand!
The kobold brigand is almost dead.
The orc warrior hits you with a +0 war axe!
A kobold brigand comes into view.
It is wielding a +0 war axe and quivering poisoned darts.
The kobold brigand hits you with a +0 war axe!
* * * LOW HITPOINT WARNING * * *
The kobold brigand closely misses you.
You hit the orc warrior. You freeze the orc warrior.
The orc warrior is almost dead.
The orc warrior hits you with a +0 war axe.
* * * LOW HITPOINT WARNING * * *
The kobold brigand barely misses you.
The kobold brigand hits you with a +0 war axe!
* * * LOW HITPOINT WARNING * * *
You hit the kobold brigand. You freeze the kobold brigand.
You kill the kobold brigand!
The orc warrior hits you with a +0 war axe!
You die...

#.(.# #...# #...#
####...####
##≈.......≈##
#≈≈..(....≈≈#####
...≈≈.......)≈....#
###≈≈.......)≈###.
..≈≈.....Y()≈....#
###≈≈....o)K≈≈###.#
..≈≈.......≈≈....
##≈≈.......≈≈###.
.≈≈.......≈≈..
#≈≈.......≈≈###
≈≈K......≈≈.
≈≈.......≈≈##


You could see an orc warrior and 2 kobold brigands.

Vanquished Creatures
  The ghost of p0werm0de the Skirmisher, a novice VSFi of Okawaru (D:6)
  A troll (D:6)
  A hornet (D:7)
  Sigmund (D:4)
  2 orc warriors
  3 sky beasts
  2 ogres
  A centaur (D:5)
  5 kobold brigands (Bailey)
  2 scorpions
  2 necrophages
  4 wights (D:6)
  A howler monkey (D:2)
  A centaur zombie (D:4)
  6 hounds
  3 orc priests
  3 iguanas
  An orc wizard (D:5)
  3 scorpion zombies (D:4)
  5 adders
  4 gnolls
  2 shadow imps (D:6)
  2 white imps (D:6)
  2 ufetubi
  An adder zombie (D:4)
  3 worms
  3 dart slugs
  6 orcs
  11 bats
  5 endoplasms
  4 giant cockroaches
  8 goblins
  4 hobgoblins
  3 jackals (D:1)
  12 kobolds
  2 quokkas
  4 ball pythons
  A frilled lizard (D:2)
  4 rats
129 creatures vanquished.

Vanquished Creatures (others)
  4 fungi (D:3)
  2 toadstools (D:3)
6 creatures vanquished.

Grand Total: 135 creatures vanquished

Notes
Turn   | Place    | Note
-------+----------+-------------------------------------------
     0 | D:1      | kae the Draconian Transmuter began the quest for the Orb.
     0 | D:1      | Reached XP level 1. HP: 16/16 MP: 3/3
    96 | D:1      | Reached XP level 2. HP: 11/23 MP: 3/5
   901 | D:1      | Reached XP level 3. HP: 22/28 MP: 4/6
   909 | D:1      | Learned a level 3 spell: Spider Form
  1602 | D:2      | Found an opulent altar of Gozag.
  2237 | D:2      | Reached skill level 3 in Transmutations
  2237 | D:2      | Reached XP level 4. HP: 35/36 MP: 5/7
  2277 | D:3      | Found an ornate altar of the Wu Jian Council.
  2506 | D:3      | Noticed a sky beast
  2651 | D:3      | Found a faded altar of an unknown god.
  2817 | D:3      | Killed a sky beast
  2818 | D:3      | Reached skill level 1 in Poison Magic
  2818 | D:3      | Reached XP level 5. HP: 25/42 MP: 4/9
  3043 | D:3      | Learned a level 4 spell: Ice Form
  3343 | D:4      | Noticed an ogre
  3714 | D:4      | Reached XP level 6. HP: 46/50 MP: 7/10
  3729 | D:4      | Noticed Sigmund
  4015 | D:4      | Found a white marble altar of Elyvilon.
  4022 | D:4      | Reached skill level 4 in Transmutations
  4040 | D:4      | Found a blossoming altar of Fedhas.
  4105 | D:4      | Killed Sigmund
  4106 | D:4      | Reached skill level 1 in Ice Magic
  4106 | D:4      | Your scales start taking on a rich purple colour.
  4106 | D:4      | Reached XP level 7. HP: 14/57 MP: 6/12
  4402 | D:4      | Found a basalt altar of Yredelemnul.
  4866 | D:4      | Reached skill level 5 in Transmutations
  5027 | D:5      | Entered Level 5 of the Dungeon
  5174 | D:5      | Found a staircase to the Ecumenical Temple.
  5285 | D:5      | Reached XP level 8. HP: 27/66 MP: 12/14
  5467 | D:5      | Reached skill level 5 in Dodging
  5467 | D:5      | Reached skill level 8 in Transmutations
  5467 | D:5      | Reached skill level 5 in Ice Magic
  5467 | D:5      | Reached XP level 9. HP: 77/77 MP: 14/19
  6096 | D:5      | Found a runed translucent gate.
  6096 | D:5      | Found a runed translucent gate.
  6097 | D:5      | Found a runed translucent gate.
  6098 | D:5      | Found an opulent altar of Gozag.
  6100 | D:5      | Noticed surr's ghost (weakling HODe)
  7116 | D:6      | Noticed a troll
  7126 | D:6      | Killed a troll
  7324 | D:6      | Found a large runed translucent door.
  7324 | D:6      | Found a large runed translucent door.
  7439 | D:6      | Noticed p0werm0de's ghost (novice VSFi)
  7517 | D:6      | Reached skill level 9 in Transmutations
  7827 | D:6      | Killed p0werm0de's ghost
  7932 | D:6      | Identified a scroll of acquirement
  7932 | D:6      | Acquired 847 gold pieces
  7968 | D:7      | Found Zin's Purification Station.
  7968 | D:7      | Found a glowing silver altar of Zin.
  8124 | D:7      | Found a flagged portal.
  8213 | Bailey   | Entered a bailey
  8271 | Bailey   | Reached XP level 10. HP: 86/86 MP: 18/21
  8292 | Bailey   | Slain by an orc warrior

Illustrated notes

Levels and vault maps discovered:
D:1:      dpeg_arrival_tiny_h, layout_basic, minmay_tromino_v2
D:2:      layout_basic, basic_altar
D:3:      layout_basic, mainiacjoe_overflow_catwalk, basic_ecumenical_altar,
          minmay_gold_behind_fungi, minmay_misc_feat_diagonals,
          grunt_decor_one_mirror
D:4:      layout_cave_pools, nicolae_yredelemnul_corpse_copse,
          nicolae_overflow_squiral, uniq_sigmund
D:5:      layout_basic, minmay_temple_entry_from_below_a, ebering_ghost_gozag
D:6:      layout_basic, ebering_ghost_disaster_area, grunt_ministairs_14,
          serial_park_tiny_2
D:7:      layout_basic, mainiacjoe_overflow_six_doors_small,
          kennysheep_mini_moat, zin_purify, enter_bailey_2, serial_shops,
          shop_statue, nrook_mini_backslash, kennysheep_decorative_pillar,
          eino_jars, uniq_pikel
Bailey:   bailey_axe_3, bailey

Skill      XL: |  1  2  3  4  5  6  7  8  9 |
---------------+----------------------------+-----
Dodging        | 2 3 5 6 |  6.0
Transmutations | 3 4 5 8 9 |  9.4
Fighting       | 2 3 6 7 |  7.0
Poison Magic   | 1 2 |  2.0
Spellcasting   | 3 4 6 7 |  7.5
Unarmed Combat | 4 6 7 |  7.2
Ice Magic      | 1 2 5 |  5.1

Action                   |  1- 3 |  4- 6 |  7- 9 | 10-12 || total
-------------------------+-------+-------+-------+-------++-------
Melee: Unarmed           |    89 |    83 |   172 |    19 ||   363
       Kick              |    16 |    10 |     2 |       ||    28
       Headbutt          |     8 |     4 |     2 |       ||    14
       Tailslap          |    11 |     5 |     2 |       ||    18
       Punch             |     3 |       |     1 |       ||     4
 Cast: Beastly Appendage |    24 |    17 |     5 |       ||    46
       Spider Form       |       |     7 |    14 |       ||    21
       Ice Form          |       |       |    17 |     1 ||    18
 Abil: Breathe Dispellin |       |       |     1 |       ||     1
  Use: Scroll            |     5 |     2 |     5 |       ||    12
       Potion            |       |       |     2 |       ||     2
 Stab: Sleeping          |     1 |     1 |       |       ||     2
Armor: Skin              |    49 |    21 |    32 |     5 ||   107
Dodge: Dodged            |    76 |    78 |   145 |    19 ||   318

Table legend: (Time is in decaauts)
 A = Elapsed time spent in this place.
 B = Non-inter-level travel time spent in this place.
 C = Inter-level travel time spent in this place.
 D = Time resting spent in this place.
 E = Time spent auto-exploring this place.
 F = Levels seen in this place.
 G = Mean time per level.
                   A        B        C        D        E       F      G
               +--------+--------+--------+--------+--------+-----+--------+
         Total |   8269 |   7909 |    360 |   1140 |   5682 |   8 | 1033.6 |
       Dungeon |   8194 |   7834 |    360 |   1140 |   5658 |   7 | 1170.6 |
        Bailey |     74 |     74 |      0 |      0 |     24 |   1 |   74.0 |
               +--------+--------+--------+--------+--------+-----+--------+

Top non-repeatable levels by time:
     D:5: 1628 daAuts
     D:1: 1510 daAuts
     D:3: 1445 daAuts
     D:6: 1290 daAuts
     D:4: 1224 daAuts
     D:2: 841 daAuts
     D:7: 254 daAuts
  Bailey: 74 daAuts
